 Dungeon Crawl Stone Soup version 0.31-a0-4-gefa6de2278 (webtiles) character file.

Game seed: 2427282484789563168

10765 Pooter the Cleaver (level 11, -1/101 HPs)
             Began as a Minotaur Berserker on May 3, 2023.
             Was a Priest of Trog.
             Slain by an orc warlord
             ... wielding a +1 heavy great sword
              (4 damage)
             ... on level 2 of the Orcish Mines.
             The game lasted 01:11:54 (16577 turns).

Pooter the Cleaver (Minotaur Berserker)            Turns: 16577, Time: 01:11:55

Health: -1/101     AC: 17    Str: 31    XL:     11   Next: 40%
Magic:  10/10      EV:  8    Int:  4    God:    Trog [***...]
Gold:   221        SH:  0    Dex: 11    Spells: 10/10 levels left

rFire   + . .        a - +1 battleaxe (flame)
rCold   + . .        (shield currently unavailable)
rNeg    + . .        v - +0 plate armour
rPois   +            e - -2 hat of the Alchemist {rElec rPois rF+ rC+ rN+ Will+ rMut rCorr}
rElec   +            H - +0 cloak
rCorr   +            B - +0 pair of gloves
SInv    .            J - +1 pair of boots {rampage}
Will    +....        (no amulet) Stlth
                     y - +4 ring of protection
HPRegen 0.36/turn    c - +6 ring of strength
MPRegen 0.12/turn

%: resist mutation, rampage
@: on berserk cooldown, hasted and slowed
A: horns 2, retaliatory headbutt
a: Renounce Religion, Berserk, Trog's Hand


You were on level 2 of the Orcish Mines.
You worshipped Trog.
Trog was most pleased with you.
You visited 2 branches of the dungeon, and saw 12 of its levels.
You also visited: Sewer.

You collected 942 gold pieces.
You spent 721 gold pieces at shops.

Inventory:

Hand Weapons
 a - a +1 battleaxe of flaming (weapon)
   (You bought it in a shop on level 2 of the Orcish Mines)
 b - a +0 shortbow
   (You took it off a centaur on level 5 of the Dungeon)
 p - a +0 dire flail
   (You took it off an orc warrior on level 9 of the Dungeon)
 E - a +4 halberd
   (You took it off an orc warrior on level 1 of the Orcish Mines)
 I - a +2 war axe of draining
   (You found it on level 6 of the Dungeon)
 L - a +1 trident of protection
   (You took it off an orc on level 10 of the Dungeon)
Missiles
 j - 2 throwing nets {!f}
 n - 10 poisoned darts
 s - 6 atropa-tipped darts
 C - 17 boomerangs (quivered)
 F - 2 curare-tipped darts
 Q - 96 stones
Armour
 e - the -2 hat of the Alchemist (worn) {rElec rPois rF+ rC+ rN+ Will+ rMut rCorr}
   (You acquired it on level 8 of the Dungeon)

   rF:        It protects you from fire.
   rC:        It protects you from cold.
   rElec:     It insulates you from electricity.
   rPois:     It protects you from poison.
   rN:        It protects you from negative energy.
   rCorr:     It protects you from acid and corrosion.
   rMut:      It protects you from mutation.
   Will:      It increases your willpower.
 v - a +0 plate armour (worn)
   (You took it off a goblin on level 3 of the Dungeon)
 B - a +0 pair of gloves (worn)
   (You found it on level 5 of the Dungeon)
 H - a +0 cloak (worn)
   (You found it on level 7 of the Dungeon)
 J - a +1 pair of boots of rampaging (worn)
   (You bought it in a shop on level 8 of the Dungeon)
 K - a +2 hat of willpower
   (You bought it in a shop on level 8 of the Dungeon)
Jewellery
 c - a +6 ring of strength (right hand)
   (You found it on level 8 of the Dungeon)
 y - a +4 ring of protection (left hand)
   (You found it on level 5 of the Dungeon)
Wands
 d - a wand of iceblast (2)
   (You found it on level 9 of the Dungeon)
 m - a wand of polymorph (4)
   (You found it on level 9 of the Dungeon)
Scrolls
 g - a scroll of magic mapping
 i - a scroll of identify {@r1}
 q - 3 scrolls of noise {!r}
 r - 4 scrolls of fog
 t - 4 scrolls of teleportation {@r4}
Potions
 f - a potion of heal wounds {unknown}
 h - 3 potions of invisibility {unknown}
 k - 4 potions of attraction {!q}
 l - 3 potions of flight {unknown}
 o - 8 potions of curing {@q1}
 u - 3 potions of haste {@q3}
 w - a potion of might {unknown}
 x - a potion of degeneration {unknown}
 z - 2 potions of lignification {unknown}
 A - 2 potions of magic {unknown}
 D - 2 potions of mutation {unknown}
 G - 2 potions of berserk rage {unknown}


   Skills:
 + Level 10.6 Fighting
 * Level 14.2 Axes
 * Level 12.1 Ranged Weapons
 - Level 2.4 Armour
 - Level 2.1 Dodging


You had 10 spell levels left.
You didn't know any spells.
Your spell library was empty.

Dungeon Overview and Level Annotations

Branches:
Dungeon (10/15)            Temple (0/1) D:4            Lair (0/5) D:8
    Orc (2/2) D:10          Sewer (visited)
    Elf: Orc:2

Altars:
Ashenzari
Cheibriados
Dithmenos
Fedhas
Gozag
Hepliaklqana
Kikubaaqudgha
Nemelex Xobeh
Sif Muna
Trog
Uskayaw
Vehumet
Wu Jian
Xom
Zin

Shops:
D:8 [   Orc:2 *


Innate Abilities, Weirdness & Mutations

You have a pair of horns on your head.
You reflexively headbutt those who attack you in melee.


Message History

You slash the orc warlord! You burn the orc warlord.
You headbutt the orc warlord, but do no damage.
An orc warrior comes into view. It is wielding a +0 glaive.
An orc wizard comes into view. It is wielding a +0 dagger.
An orc comes into view. It is wielding a +0 short sword.
The orc warlord roars a battlecry!
The orcs go into a battle-frenzy!
The orc wizard shouts!
The orc shouts!
You barely miss the orc warlord.
The orc warlord hits you with a +1 heavy great sword!!
You hit the orc warlord but do no damage.
You hit the orc warlord. You burn the orc warlord.
Your headbutt misses the orc warlord.
An orc comes into view. It is wielding a +0 war axe.
The orc warlord roars a battlecry!
The orc goes into a battle-frenzy!
You hit the orc warlord but do no damage.
You barely miss the orc warlord. You headbutt the orc warlord!
The orc warlord hits you with a +1 heavy great sword!
You climb downwards.
You feel a strong urge to attack something.
There is a stone staircase leading up, spattered with blood here.
You barely miss the orc warlord. Your headbutt misses the orc warlord.
The orc warlord hits you with a +1 heavy great sword!!
* * * LOW HITPOINT WARNING * * *
You slice the orc warlord!! You burn the orc warlord! You hit the orc warlord.
You burn the orc warlord.
The orc warlord hits you but does no damage.
You slash the orc warlord! You burn the orc warlord.
You hit the orc warlord but do no damage.
You headbutt the orc warlord. You barely miss the orc warlord.
The orc warlord hits you with a +1 heavy great sword.
* * * LOW HITPOINT WARNING * * *
You completely miss the orc warlord. You slice the orc warlord!!
You burn the orc warlord!
You are no longer berserk.
You are exhausted.
You feel yourself slow down. The orc warlord barely misses you.
You barely miss the orc warlord.
The orc warlord hits you with a +1 heavy great sword!
* * * LOW HITPOINT WARNING * * *
You feel yourself speed up.
The orc warlord hits you with a +1 heavy great sword!!
* * * LOW HITPOINT WARNING * * *
You barely miss the orc warlord.
You hit the orc warlord but do no damage.
The orc warlord hits you with a +1 heavy great sword.
You die...

.#.#.[......)[.###
.#.).............#
.............[...####
........###.........#
......#.#
##.....[.###
.....#### #........^#
.......###
#.......###
.......#.###...).[.#
.........#.....o@[.#
.........#.......)##
.##..............##
####............##
#..........###
##.......###
##.....## ##...##
####.


You could see an orc warlord.

Vanquished Creatures
  Jorgrun (D:10)
  A two-headed ogre (D:7)
  An orc high priest (Orc:1)
  An orc sorcerer (Orc:2)
  An unseen horror zombie (D:9)
  3 trolls
  Grinder (D:3)
  A wyvern (D:10)
  3 yaks (D:10)
  3 steam dragons
  Edmund (D:5)
  4 wargs
  An acid dragon (D:8)
  13 orc warriors
  A water moccasin (D:7)
  An ice beast (D:8)
  3 ogres (Orc:2)
  A sky beast (D:7)
  2 black bears
  6 centaurs
  2 kobold brigands
  5 bullfrogs
  A wyvern zombie (D:9)
  2 scorpions
  6 wights
  7 killer bees
  5 centaur zombies (D:9)
  3 jellies
  13 orc priests
  A human zombie (D:9)
  3 hounds
  2 iguanas
  13 orc wizards
  2 killer bee zombies (D:9)
  A mummy (D:9)
  A howler monkey zombie (D:9)
  7 gnolls
  6 adders
  A shadow imp (D:5)
  A white imp (D:6)
  3 worms
  2 dart slugs
  61 orcs
  8 ball pythons
  5 bats
  10 endoplasms
  9 giant cockroaches
  8 goblins
  7 hobgoblins
  4 jackals (D:1)
  9 quokkas
  14 frilled lizards
  7 kobolds
  5 rats
  A spectral hobgoblin (D:8)
284 creatures vanquished.

Vanquished Creatures (others)
  A plant (D:8)
1 creature vanquished.

Grand Total: 285 creatures vanquished

Notes
Turn   | Place    | Note
-------+----------+-------------------------------------------
     0 | D:1      | Pooter the Minotaur Berserker began the quest for the Orb.
     0 | D:1      | Reached XP level 1. HP: 19/19 MP: 0/0
    39 | D:1      | Reached skill level 4 in Axes
   135 | D:1      | Reached XP level 2. HP: 27/27 MP: 1/1
   476 | D:1      | Reached XP level 3. HP: 33/33 MP: 2/2
   738 | D:1      | Reached ** piety under Trog
   921 | D:2      | Found a shadowy altar of Dithmenos.
  1089 | D:2      | Reached skill level 5 in Axes
  1172 | D:2      | Reached XP level 4. HP: 41/41 MP: 3/3
  1594 | D:2      | Reached skill level 1 in Ranged Weapons
  2093 | D:3      | Found a shimmering altar of Xom.
  2093 | D:3      | Found a hide-covered altar of Uskayaw.
  2184 | D:3      | Reached XP level 5. HP: 47/47 MP: 4/4
  2552 | D:3      | Noticed Grinder
  2563 | D:3      | Killed Grinder
  2564 | D:3      | Reached skill level 5 in Fighting
  2564 | D:3      | Reached skill level 6 in Axes
  2564 | D:3      | Reached XP level 6. HP: 56/56 MP: 5/5
  2609 | D:3      | Found an opulent altar of Gozag.
  2705 | D:3      | Found a glowing silver altar of Zin.
  2873 | D:4      | Found a sparkling altar of Nemelex Xobeh.
  3022 | D:4      | Found a glowing drain.
  3029 | Sewer    | Entered a sewer
  3115 | Sewer    | Reached *** piety under Trog
  3247 | Sewer    | Reached skill level 7 in Axes
  3248 | Sewer    | Reached XP level 7. HP: 61/61 MP: 6/6
  3655 | D:4      | Found a staircase to the Ecumenical Temple.
  3826 | D:4      | Found a snail-covered altar of Cheibriados.
  4102 | D:5      | Entered Level 5 of the Dungeon
  4178 | D:5      | Noticed Edmund
  4202 | D:5      | Killed Edmund
  4312 | D:5      | Reached skill level 5 in Ranged Weapons
  4314 | D:5      | Reached skill level 8 in Axes
  4835 | D:5      | Reached XP level 8. HP: 71/71 MP: 7/7
  5169 | D:5      | Found a shimmering blue altar of Sif Muna.
  5169 | D:5      | Found a broken altar of Ashenzari.
  5864 | D:6      | Reached skill level 9 in Axes
  7227 | D:7      | Found a blossoming altar of Fedhas.
  7410 | D:7      | Reached skill level 10 in Axes
  7410 | D:7      | Reached XP level 9. HP: 73/79 MP: 8/8
  7749 | D:8      | Noticed a two-headed ogre
  7754 | D:7      | Killed a two-headed ogre
  7795 | D:8      | Found Daam Seme's Antique Armour Emporium.
  7805 | D:8      | Reached skill level 11 in Axes
  7897 | D:8      | Bought a pair of glowing boots for 217 gold pieces
  7897 | D:8      | Bought a runed hat for 203 gold pieces
  7947 | D:8      | Identified a scroll of acquirement
  7947 | D:8      | Acquired the -2 hat of the Alchemist {rElec rPois rF+ rC+
                  | rN+ Will+ rMut rCorr}
  7947 | D:8      | Found the -2 hat of the Alchemist {rElec rPois rF+ rC+ rN+
                  | Will+ rMut rCorr}
  8228 | D:8      | Found a staircase to the Lair.
  8449 | D:8      | Reached XP level 10. HP: 85/90 MP: 9/9
  8464 | D:8      | Found a bloodstained altar of Trog.
  8627 | D:8      | Found a hazy altar of Hepliaklqana.
  8804 | D:9      | Reached skill level 12 in Axes
  9198 | D:9      | Found an ancient bone altar of Kikubaaqudgha.
  9213 | D:9      | Reached skill level 10 in Ranged Weapons
  9717 | D:9      | Found a radiant altar of Vehumet.
  9717 | D:9      | Found an ornate altar of the Wu Jian Council.
  9840 | D:10     | Entered Level 10 of the Dungeon
 10255 | D:10     | Found a staircase to the Orcish Mines.
 14653 | D:10     | Reached skill level 13 in Axes
 15273 | Orc:1    | Entered Level 1 of the Orcish Mines
 15279 | Orc:1    | Noticed Jorgrun
 15386 | D:10     | Killed Jorgrun
 15387 | D:10     | Reached skill level 10 in Fighting
 15387 | D:10     | Reached XP level 11. HP: 45/99 MP: 10/10
 15731 | Orc:2    | Entered Level 2 of the Orcish Mines
 15734 | Orc:2    | Found Kylurai's Assorted Antiques.
 15919 | Orc:2    | Bought a runed battleaxe for 275 gold pieces
 15919 | Orc:2    | Bought a blue potion for 26 gold pieces
 15964 | Orc:1    | Noticed an orc high priest
 15964 | Orc:1    | Noticed an orc sorcerer
 16203 | Orc:2    | Killed an orc sorcerer
 16204 | Orc:2    | Reached skill level 14 in Axes
 16255 | Orc:1    | Killed an orc high priest
 16538 | Orc:1    | Noticed an orc warlord
 16575 | Orc:2    | HP: 3/101 [orc warlord/+1 heavy great sword (21)]
 16577 | Orc:2    | Slain by an orc warlord

Illustrated notes

Levels and vault maps discovered:
D:1:      wander_arrival_peaceful_grave, layout_basic, skrybe_limestone_x,
          roderic_malta_cross
D:2:      layout_loops_ring, basic_altar, minmay_shallow_snake_nest
D:3:      layout_basic, pdpol_temple_overflow_zin_treasury_gozag_greed,
          grunt_temple_overflow_open, uniq_grinder
D:4:      layout_gridville, nemelex_xobeh_ov_fountains_minmay,
          mainiacjoe_overflow_six_doors_small, minmay_temple_entry_overgrown,
          gup_sewer_entry_bubbles, st_stairs_4
D:5:      layout_layer_cave, gammafunk_temple_overflow_elements, uniq_edmund
D:6:      layout_layer_cave
D:7:      layout_basic, fedhas_altar_fruit_tree
D:8:      layout_cave_pools, marbit_many_paths,
          nicolae_hepliaklqana_monster_ancestors, erik_lair_orcish_takeover,
          serial_shops, shop
D:9:      layout_stronghold, mainiacjoe_overflow_divided_tiny,
          lemuel_mausoleum_altar_kikubaaqudgha
D:10:     layout_loops_corners, david_orc_5, grunt_decor_fettered
Orc:1:    layout_caves, uniq_jorgrun
Orc:2:    st_orc_rangers, layout_diamond_mine, serial_shops,
          nicolae_shop_crystal

Skill      XL: |  1  2  3  4  5  6  7  8  9 10 11 |
---------------+----------------------------------+-----
Axes           | 4 5 6 7 8 10 11 13 14 | 14.2
Fighting       | 4 5 6 7 8 10 | 10.6
Ranged Weapons | 1 3 5 7 9 11 12 | 12.1
Armour         | |  2.4
Dodging        | |  2.1

Action                     |  1- 3 |  4- 6 |  7- 9 | 10-12 || total
---------------------------+-------+-------+-------+-------++-------
  Melee: Hand axe          |    85 |       |       |       ||    85
         Headbutt          |     7 |    14 |    27 |    51 ||    99
         Halberd           |       |   134 |    64 |       ||   198
         War axe           |       |       |   150 |   170 ||   320
         Punch             |       |       |       |     3 ||     3
         Battleaxe         |       |       |       |    49 ||    49
   Fire: Sling             |       |    43 |    18 |       ||    61
         Shortbow          |       |       |    61 |    88 ||   149
  Throw: Stone             |     5 |     6 |       |       ||    11
         Dart              |       |       |     6 |     2 ||     8
         Boomerang         |       |       |    16 |     1 ||    17
 Invoke: Berserk           |     1 |     2 |    14 |    10 ||    27
         Trog's Hand       |     1 |       |    10 |    10 ||    21
  Evoke: Wand              |       |     1 |       |       ||     1
    Use: Scroll            |       |     5 |     9 |     6 ||    20
         Potion            |       |       |       |     1 ||     1
   Stab: Sleeping          |     2 |       |       |       ||     2
 Armour: Animal skin       |    15 |       |       |       ||    15
         Chain mail        |     6 |    28 |       |       ||    34
         Plate armour      |       |    39 |   145 |   157 ||   341
  Dodge: Dodged            |    58 |    63 |    79 |    98 ||   298

Table legend: (Time is in decaauts)
 A = Elapsed time spent in this place.
 B = Non-inter-level travel time spent in this place.
 C = Inter-level travel time spent in this place.
 D = Time resting spent in this place.
 E = Time spent auto-exploring this place.
 F = Levels seen in this place.
 G = Mean time per level.
                   A        B        C        D        E       F      G
               +--------+--------+--------+--------+--------+-----+--------+
         Total |  17050 |  16815 |    235 |   6442 |   7918 |  13 | 1311.5 |
       Dungeon |  15334 |  15116 |    218 |   5754 |   7431 |  10 | 1533.4 |
  Orcish Mines |   1085 |   1068 |     17 |    611 |     91 |   2 |  542.5 |
         Sewer |    630 |    630 |      0 |     77 |    395 |   1 |  630.0 |
               +--------+--------+--------+--------+--------+-----+--------+

Top non-repeatable levels by time:
    D:10: 5749 daAuts
     D:6: 1446 daAuts
     D:5: 1379 daAuts
     D:9: 1175 daAuts
     D:2: 1045 daAuts
     D:3: 1029 daAuts
     D:7: 968 daAuts
     D:8: 921 daAuts
     D:1: 855 daAuts
     D:4: 762 daAuts
   Sewer: 630 daAuts
   Orc:2: 609 daAuts
   Orc:1: 476 daAuts
